General information
- name: grudge02
- type: Custom game
- host: fineX.
- saver: fineX.
map: EchoIsles
- players: 2
- length: 15:58
- speed: Fast
- version: 1.21 W3XP
- replay type: Public
» download(42 KB)
Players
team 1 (winner)
fineX. (
red | 63 APM | 1007 actions | 15:58)
6 Far Seer
3 Feral Spirit
2 Chain Lighting
1 Earth Quake
» actions
| Assign group hotkey | 56 | |
| Basic commands | 1 | |
| Build / train | 45 | |
| Enter build submenu | 14 | |
| Enter hero's abilities submenu | 6 | |
| Remove unit from queue | 1 | |
| Right click | 465 | |
| Select / deselect | 186 | |
| Select group hotkey | 195 | |
| Use ability | 38 | |
1007 total
» units
| Peon | 7 | |
| Grunt | 6 | |
| Forest Troll Berserker | 2 | |
| Forest Troll Shadow Priest | 2 | |
| Raider | 2 | |
| Demolisher | 1 | |
| Wind Rider | 2 | |
| Mud Golem | 1 | |
| Ogre Mauler | 1 | |
24 total
» upgrades
| Ensnare | 1 | |
| Berserker Strength | 1 | |
| Pillage | 1 | |
| Melee Weapons | 1 | |
| Armor | 1 | |
| Ranged Weapons | 1 | |
| Spiked Barricades | 1 | |
7 total
» buildings
| Altar of Storms | 1 | |
| Orc Burrow | 5 | |
| Barracks | 1 | |
| Voodoo Lounge | 1 | |
| Stronghold | 1 | |
| War Mill | 1 | |
| Beastiary | 2 | |
| Fortress | 2 | |
14 total
» build order
00:05 Altar of Storms
00:09 Orc Burrow
00:32 Barracks
01:53 Orc Burrow
02:14 Orc Burrow
02:59 Voodoo Lounge
03:01 Stronghold
04:06 War Mill
05:30 Orc Burrow
05:40 Beastiary
05:45 Beastiary
06:29 Orc Burrow
14:44 Fortress
14:44 Fortress
» items
| Healing Salve | 1 | |
| Scroll of Speed | 1 | |
| Lesser Clarity Potion | 1 | |
3 total
team 2 (loser)
AsukaBoxu (
blue | 46 APM | 734 actions | 15:57)
3 Archmage
2 Summon Water Elemental
1 Brilliance Aura
» actions
| Assign group hotkey | 9 | |
| Basic commands | 10 | |
| Build / train | 37 | |
| Enter build submenu | 21 | |
| Enter hero's abilities submenu | 3 | |
| Right click | 353 | |
| Select / deselect | 223 | |
| Select group hotkey | 45 | |
| Use ability | 33 | |
734 total
» units
| Peasant | 7 | |
| Footman | 11 | |
| Sorceress | 2 | |
| Priest | 2 | |
| Spell Breaker | 6 | |
28 total
» buildings
| Altar of Kings | 1 | |
| Farm | 7 | |
| Barracks | 2 | |
| Scout Tower | 1 | |
| Arcane Tower | 2 | |
| Lumber Mill | 1 | |
| Keep | 1 | |
| Arcane Vault | 1 | |
| Arcane Sanctum | 1 | |
17 total
» build order
00:06 Altar of Kings
00:28 Farm
00:45 Barracks
00:59 Farm
01:39 Scout Tower
02:07 Arcane Tower
02:23 Lumber Mill
03:13 Arcane Tower
03:27 Keep
04:47 Farm
05:40 Farm
05:49 Arcane Vault
05:56 Arcane Sanctum
06:25 Farm
09:49 Barracks
13:20 Farm
14:17 Farm
» items
| Scroll of Regeneration | 1 | |
| Potion of Mana | 1 | |
2 total
Chat log
(02:08 / All) fineX.: gg gl hf
(02:13 / All) AsukaBoxu: glhf
(05:41 / All) fineX.: jerk
(09:50 / All) fineX.: y breakers???
(10:00 / All) AsukaBoxu: o barracks :P
(11:34 / All) fineX.: GG
(11:38 / All) AsukaBoxu: rof
(12:28 / All) fineX.: gg no re
(14:36 / All) fineX.: well.....
(15:10 / All) fineX.: you sir
(15:13 / All) fineX.: you have very poor manner
(15:22 / All) AsukaBoxu: loL
(15:52 / All) AsukaBoxu: gg
(15:55 / All) fineX.: not rly